 Dungeon Crawl Stone Soup version 0.21.1-1-g345015f (webtiles) character file.

7429 teukkam the Grappler (level 10, -9/111 HPs)
             Began as a Troll Monk on June 7, 2018.
             Mangled by an 11-headed hydra (15 damage)
             ... on level 1 of the Lair of Beasts.
             The game lasted 00:37:29 (5636 turns).

teukkam the Grappler (Troll Monk)                   Turns: 5636, Time: 00:37:29

Health: -9/111     AC:  7    Str: 29    XL:     10   Next: 93%
Magic:  9/9        EV: 13    Int:  6    God:
Gold:   196        SH:  0    Dex: 12    Spells: 9/9 levels left

rFire    . . .     SeeInvis .     - Unarmed
rCold    . . .     Gourm    +   (no shield)
rNeg     . . .     Faith    .   m - +2 robe {MR+}
rPois    .         Spirit   .   (helmet restricted)
rElec    .         Reflect  .   f - scarf {cloud immunity}
rCorr    .         Harm     .   (gloves unavailable)
MR       +....                  (boots unavailable)
Stlth    ++........             (no amulet)
HPRegen  0.68/turn              h - +5 ring of strength
MPRegen  0.11/turn              p - +3 ring of evasion

@: about to teleport
A: large, unfitting armour, claws 3, fast metabolism 3, gourmand, regeneration
1, shaggy fur 1, tough skin 2
a: no special abilities


You were on level 1 of the Lair of Beasts.
You were completely stuffed.

You visited 2 branches of the dungeon, and saw 11 of its levels.
You also visited: Sewer and Ossuary.

You collected 196 gold pieces.

Inventory:

Hand Weapons
 i - a +2 shortbow of freezing
 l - a +1 whip of freezing
 v - a +5 falchion
 w - a cursed +4 spear of freezing
 L - a +0 great sword of holy wrath
Missiles
 j - 20 poisoned needles
 n - 65 sling bullets
 o - 2 needles of confusion
 G - 3 javelins
 H - 36 arrows
 I - 2 tomahawks (quivered)
Armour
 f - a scarf of cloud immunity (worn)
 m - a +2 robe of magic resistance (worn)
Jewellery
 h - a +5 ring of strength (left claw)
 p - a +3 ring of evasion (right claw)
 E - an uncursed ring of protection from fire
Wands
 A - a wand of flame (26)
 B - a wand of digging (11)
Scrolls
 d - 5 scrolls of identify
 e - 3 scrolls of fog {unknown}
 g - a scroll of enchant armour {unknown}
 r - 7 scrolls of remove curse {unknown}
 s - 2 scrolls of teleportation
 y - 4 scrolls of fear {unknown}
 z - 2 scrolls of immolation {unknown}
 F - 2 scrolls of enchant weapon {unknown}
Potions
 a - 2 potions of heal wounds
 c - 4 potions of flight
 q - a potion of curing
 u - a potion of resistance
 x - a potion of brilliance {unknown}
 C - 4 potions of haste {unknown}
 J - a potion of ambrosia
Books
 k - a book of Flames

   Spells                             Type                      Level
   a - Flame Tongue                   Conjuration/Fire             1
   b - Throw Flame                    Conjuration/Fire             2
   c - Conjure Flame                  Conjuration/Fire             3
   d - Inner Flame                    Hexes/Fire                   3
   e - Sticky Flame                   Conjuration/Fire             4
   f - Fireball                       Conjuration/Fire             5
 D - a book of Misfortune

   Spells                             Type                      Level
   a - Confusing Touch                Hexes                        1
   b - Confuse                        Hexes                        3
   c - Gell's Gravitas                Translocation                3
   d - Petrify                        Transmutation/Earth          4
   e - Metabolic Englaciation         Hexes/Ice                    5
   f - Yara's Violent Unravelling     Hexes/Transmutation          5
Comestibles
 b - 6 rations
 t - 6 chunks of flesh


   Skills:
 + Level 10.3 Fighting
 - Level 2.5 Dodging
 - Level 1.0 Stealth
 + Level 12.0 Unarmed Combat


You had 9 spell levels left.
You didn't know any spells.

Dungeon Overview and Level Annotations

Branches:
Dungeon (10/15)            Temple (0/1) D:5            Lair (1/6) D:10
    Orc: D:9-12

Altars:
Ashenzari
Cheibriados
Dithmenos
Elyvilon
Fedhas
Kikubaaqudgha
Sif Muna
Wu Jian

Shops:
D:6 (

Annotations:
D:2 1 runed door
D:4 2 transporters


Innate Abilities, Weirdness & Mutations

You are too large for most types of armour.
You have claws for hands.
Your metabolism is lightning-fast.
You like to eat raw meat.
Your natural rate of healing is unusually fast.
You are covered in fur. (AC +1)
You have very tough skin. (AC +2)


Message History

The ten-headed hydra bites you. x2
You claw one of the ten-headed hydra's heads off!
The nine-headed hydra grows two more!
You mangle the 11-headed hydra!!
The 11-headed hydra is almost dead.
The 11-headed hydra bites you!
The 11-headed hydra bites you but does no damage.
The 11-headed hydra bites you. The 11-headed hydra bites you!
The 11-headed hydra barely misses you. The 11-headed hydra bites you.
* * * LOW HITPOINT WARNING * * *
The 11-headed hydra bites you!
* * * LOW HITPOINT WARNING * * *
The 11-headed hydra completely misses you.
The 11-headed hydra bites you.
* * * LOW HITPOINT WARNING * * *
The 11-headed hydra barely misses you. The 11-headed hydra bites you!
* * * LOW HITPOINT WARNING * * *
As you read the scroll of teleportation, it crumbles to dust.
You feel strangely unstable. The 11-headed hydra misses you.
The 11-headed hydra bites you!
You die...

###### ### ###
.###.P#..#####P########.##
..........)...............
......P#.##P#####........
#...###.#######......#.
##...'.......##...####.
#...P.......##...+....
...###...#.......##...##...
..(....(.D@.......#...#....
.#.###..##.......##...##...
#..##.......##...#####
#..#.#########...# ...##
..... ..... ...... $.....
.......


You could see a 11-headed hydra.

Vanquished Creatures
  2 two-headed ogres
  Pikel (D:6)
  Maurice (D:9)
  Sigmund (D:6)
  2 wraiths (Ossuary)
  11 yaks
  2 water moccasins (D:9)
  An ice beast (D:8)
  2 slaves (D:6)
  An orc warrior (D:8)
  3 phantoms
  A sky beast (D:8)
  A black bear (D:9)
  4 ogres
  A necrophage (D:9)
  A centaur (D:9)
  A crocodile (Lair:1)
  A big kobold (Sewer)
  Blork the orc (D:6)
  An elf zombie (D:7)
  4 bullfrogs
  2 elf skeletons (D:7)
  A scorpion (D:7)
  5 killer bees (D:9)
  8 wights
  A howler monkey (D:4)
  4 jellies
  2 crimson imps
  A quasit (D:7)
  A centaur skeleton (D:4)
  5 hounds
  An orc priest (D:6)
  An iguana (D:9)
  4 worker ants
  A hound zombie (D:6)
  A worker ant zombie (D:9)
  7 adders
  8 gnolls
  2 river rats (Sewer)
  2 shadow imps
  3 adder zombies
  3 adder skeletons
  A worm (D:3)
  5 leopard geckos
  7 orcs
  3 giant cockroaches
  A goblin (D:2)
  A hobgoblin (D:3)
  2 jackals (Sewer)
  A quokka (D:7)
  4 bats
  2 hobgoblin skeletons (Ossuary)
  6 kobolds
  2 kobold zombies (Ossuary)
  2 orc skeletons (D:7)
  3 orc zombies
  A quokka skeleton (D:4)
  6 rats
153 creatures vanquished.

Vanquished Creatures (others)
  A slave (D:6)
1 creature vanquished.

Grand Total: 154 creatures vanquished

Notes
Turn   | Place    | Note
-------+----------+-------------------------------------------
     0 | D:1      | teukkam the Troll Monk began the quest for the Orb.
     0 | D:1      | Reached XP level 1. HP: 22/22 MP: 0/0
   160 | D:1      | Reached XP level 2. HP: 26/29 MP: 1/1
   415 | D:2      | Found a runed door.
   612 | D:3      | Reached XP level 3. HP: 35/37 MP: 2/2
   916 | D:4      | Noticed an ogre
   983 | D:4      | Found a transporter.
  1004 | D:4      | Reached skill level 4 in Unarmed Combat
  1004 | D:4      | Reached XP level 4. HP: 42/45 MP: 3/3
  1076 | D:4      | Found a transporter.
  1084 | D:4      | Noticed an ogre
  1270 | D:3      | Reached XP level 5. HP: 48/54 MP: 4/4
  1493 | D:5      | Entered Level 5 of the Dungeon
  1611 | D:4      | Reached skill level 5 in Unarmed Combat
  1614 | D:4      | Killed an ogre
  1614 | D:4      | Reached XP level 6. HP: 36/63 MP: 5/5
  1759 | D:4      | Noticed a troll
  1765 | D:4      | HP: 3/63 [troll (6)]
  1933 | D:5      | Found a staircase to the Ecumenical Temple.
  2061 | D:6      | Reached skill level 5 in Fighting
  2061 | D:6      | Reached skill level 6 in Unarmed Combat
  2061 | D:6      | Reached XP level 7. HP: 72/72 MP: 6/6
  2165 | D:6      | Noticed Pikel
  2184 | D:6      | Killed Pikel
  2184 | D:6      | Reached skill level 7 in Unarmed Combat
  2241 | D:6      | Reached XP level 8. HP: 78/83 MP: 7/7
  2270 | D:6      | Noticed Blork the orc
  2288 | D:6      | Killed Blork the orc
  2488 | D:6      | Found a glowing drain.
  2497 | Sewer    | Entered a sewer
  2579 | Sewer    | Reached skill level 8 in Unarmed Combat
  2604 | Sewer    | Found a white marble altar of Elyvilon.
  2717 | D:6      | Found Cacs's Antique Weapon Shoppe.
  2724 | D:6      | Noticed Sigmund
  2733 | D:6      | Killed Sigmund
  2921 | D:7      | Found a sand-covered staircase.
  2926 | Ossuary  | Entered an ossuary
  2999 | Ossuary  | Reached XP level 9. HP: 77/93 MP: 8/8
  3098 | Ossuary  | Reached skill level 9 in Unarmed Combat
  3929 | D:8      | Noticed a two-headed ogre
  3944 | D:8      | Killed a two-headed ogre
  3944 | D:8      | Reached skill level 10 in Unarmed Combat
  4275 | D:9      | Noticed Maurice
  4280 | D:9      | Killed Maurice
  4330 | D:9      | Found a deep blue altar of Sif Muna.
  4342 | D:9      | Reached XP level 10. HP: 73/107 MP: 9/9
  4579 | D:9      | Found a snail-covered altar of Cheibriados.
  4579 | D:9      | Found a blossoming altar of Fedhas.
  4585 | D:9      | Found an ornate altar of the Wu Jian Council.
  4669 | D:9      | Reached skill level 11 in Unarmed Combat
  4803 | D:9      | Found an ancient bone altar of Kikubaaqudgha.
  4804 | D:9      | Found a shattered altar of Ashenzari.
  4804 | D:9      | Found a shadowy altar of Dithmenos.
  4804 | D:9      | Found a white marble altar of Elyvilon.
  5118 | D:9      | Noticed a two-headed ogre
  5125 | D:9      | Killed a two-headed ogre
  5125 | D:9      | Reached skill level 10 in Fighting
  5289 | D:10     | Entered Level 10 of the Dungeon
  5387 | D:10     | Reached skill level 12 in Unarmed Combat
  5554 | D:10     | Found a staircase to the Lair.
  5563 | Lair:1   | Entered Level 1 of the Lair of Beasts
  5624 | Lair:1   | Noticed a seven-headed hydra
  5635 | Lair:1   | HP: 5/111 [11-headed hydra (14)]
  5636 | Lair:1   | Mangled by an 11-headed hydra

Skill      XL: |  1  2  3  4  5  6  7  8  9 10 |
---------------+-------------------------------+-----
Fighting       | 3 4 5 6 7 9 10 | 10.3
Unarmed Combat | 4 5 6 7 8 10 12 | 12.0
Dodging        | |  2.5
Stealth        | |  1.0

Action                   |  1- 3 |  4- 6 |  7- 9 | 10-12 || total
-------------------------+-------+-------+-------+-------++-------
Melee: Unarmed           |    65 |    79 |   220 |   111 ||   475
       Punch             |       |     2 |     9 |     8 ||    19
Throw: Tomahawk          |       |       |     4 |    20 ||    24
Evoke: Wand              |       |       |    10 |    16 ||    26
  Use: Potion            |     2 |     4 |       |     3 ||     9
       Scroll            |       |     7 |     1 |     3 ||    11
 Stab: Sleeping          |     2 |     4 |     4 |     3 ||    13
       Distracted        |       |       |     1 |       ||     1
       Paralysed         |       |       |     3 |       ||     3
  Eat: Chunk             |    13 |     9 |    15 |    17 ||    54
       Ration            |       |       |     1 |       ||     1
Armor: Robe              |    19 |    17 |    53 |    16 ||   105
       Skin              |       |    25 |       |       ||    25
Dodge: Dodged            |    25 |    26 |   111 |    71 ||   233
